Map: Yellowjacket

Players

Ekelpack

  • Race: Zerg Zerg
  • Spawn Location: 3:00

Nyck

  • Race: Terran Terran
  • Spawn Location: 1:00

Antarez - Winner!

  • Race: Zerg Zerg
  • Spawn Location: 9:00

Ceratrexx - Winner!

  • Race: Protoss Protoss
  • Spawn Location: 7:00

VOD

Have the link to the VOD?

Description

Time

  • Played on: Feb. 4, 2025, 3:02 p.m.
  • Length: 4:50
Show
View Real Time Build Order
Export as new Build Order

Ekelpack Zerg 

Build Orders: Hatch First 

Get SALT Encoding   

  12  0:00  Drone  
  13  0:13  Overlord  
  13  0:20  Drone  
  14  0:31  Drone x2  
  16  0:36  Drone  
  17  0:54  Drone  
  17  0:56  Hatchery  
  17  1:00  Drone  
  17  1:03  Extractor  
  17  1:08  Drone  
  18  1:19  Drone  
  19  1:27  Spawning Pool  
  18  1:42  Drone x2  
  20  1:56  Drone  
  21  2:09  Drone  
  21  2:12  Drone  
  21  2:15  Lair  
  23  2:24  Queen  
  23  2:29  Drone  
  26  2:32  Drone x2  
  26  2:36  Overlord  
  28  2:40  Extractor  
  28  2:41  Drone  
  28  2:49  Spine Crawler, Zergling x2  
  28  2:53  Metabolic Boost  
  28  2:59  Spine Crawler  
  27  3:07  Zergling x4  
  27  3:08  Zergling x2  
  27  3:12  Zergling x4  
  32  3:20  Queen  
  32  3:24  Drone  
  36  3:27  Drone  
  36  3:32  Overlord  
  36  3:44  Overlord  
  36  3:47  Extractor  
  36  3:48  Drone  
  36  3:55  Spire  
  35  4:01  Drone x2  
  37  4:03  Drone  
  37  4:04  Drone x2  
  37  4:07  Extractor  
  39  4:12  Drone  
  39  4:13  Drone x2  
  41  4:29  Zergling x2  
Show
View Real Time Build Order
Export as new Build Order

Nyck Terran 

Build Orders: 2 Factory 

Get SALT Encoding   

  12  0:00  SCV  
  13  0:12  SCV  
  14  0:17  Supply Depot  
  14  0:26  SCV  
  15  0:38  SCV  
  15  0:41  Barracks  
  16  0:50  SCV  
  16  0:52  Refinery  
  17  1:03  SCV  
  18  1:15  SCV  
  19  1:29  Supply Depot  
  19  1:37  Barracks  
  19  1:44  Reaper  
  20  1:58  Orbital Command  
  20  2:05  Refinery  
  20  2:24  SCV  
  20  2:28  Barracks Tech Lab  
  21  2:35  Factory  
  21  2:36  SCV  
  22  2:39  Command Center  
  23  3:00  Reaper  
  23  3:02  Reaper  
  24  3:10  Bunker  
  24  3:17  SCV  
  25  3:21  Hellion  
  27  3:29  Factory  
  27  3:34  SCV  
  27  3:40  Supply Depot  
  28  3:46  SCV  
  29  3:50  Hellion  
  29  3:54  Orbital Command  
  31  4:02  SCV  
  32  4:04  Barracks Reactor  
  32  4:12  Factory Tech Lab  
  32  4:14  Factory Tech Lab  
  32  4:17  Barracks  
Show
View Real Time Build Order
Export as new Build Order

Antarez Zerg - Winner!

Build Orders: Hatch First 

Get SALT Encoding   

  12  0:01  Drone  
  13  0:32  Hatchery  
  12  0:39  Drone  
  12  0:40  Overlord  
  13  0:45  Drone  
  13  0:49  Extractor  
  13  0:59  Drone  
  13  1:04  Drone  
  15  1:14  Spawning Pool  
  14  1:19  Drone  
  14  1:23  Drone  
  16  1:34  Drone  
  17  1:46  Overlord  
  17  1:48  Drone  
  18  2:00  Metabolic Boost  
  18  2:03  Zergling x4  
  18  2:06  Zergling x2  
  18  2:08  Zergling x2  
  22  2:17  Zergling x4  
  24  2:27  Drone x2  
  26  2:36  Queen  
  28  2:47  Zergling x4  
  30  2:53  Zergling x4  
  32  2:59  Overlord  
  32  3:01  Zergling x2  
  33  3:10  Drone x2  
  35  3:21  Zergling x4  
  37  3:32  Drone, Zergling x2  
  39  3:43  Zergling x4  
  39  3:47  Hatchery  
  40  3:51  Zergling x2  
  40  3:52  Roach Warren  
  40  3:53  Zergling x2  
  41  4:00  Overlord  
  41  4:05  Zergling x2  
  41  4:09  Zergling x2  
  44  4:10  Zergling x2  
Show
View Real Time Build Order
Export as new Build Order

Ceratrexx Protoss - Winner!

Build Orders:  

Get SALT Encoding   

  12  0:01  Probe  
  13  0:13  Probe  
  14  0:17  Pylon  
  14  0:25  Probe  
  15  0:33  Probe  
  15  0:41  Gateway, Probe  
  17  0:52  Probe  
  18  0:59  Assimilator  
  18  1:04  Probe  
  19  1:11  Assimilator  
  19  1:12  Probe  
  19  1:13  Pylon  
  20  1:20  Probe  
  21  1:25  Pylon  
  21  1:32  Cybernetics Core  
  21  1:43  Probe  
  22  1:50  Warp Gate  
  21  1:56  Probe  
  22  2:01  Gateway  
  22  2:03  Gateway  
  22  2:18  Gateway  
  22  2:22  Pylon  
  22  2:26  Stalker  
  24  2:32  Probe  
  25  2:44  Pylon  
  25  2:56  Probe  
  26  3:09  Gateway  
  26  3:21  Pylon  
  26  3:39  Stalker x4  
  34  4:04  Stalker x3  
  34  4:05  Stalker  
  34  4:07  Sentry  
  44  4:47  Stalker x3  
  44  4:48  Stalker x2  
Tags
 
Add a new tag
Caveats
  • Supply blocks, unpowered buildings, or Contaminate may cause inaccurate times.
  • Supply counts are checked every 10 seconds.